 Dungeon Crawl Stone Soup version 0.26.0-18-gc5c842f807 (webtiles) character file.

Game seed: 14619376375395599413

8681 thiole the Covert (level 11, 0/120 HPs)
             Began as an Octopode Hedge Wizard on Jan 23, 2021.
             Was an Initiate of Gozag.
             Slain by a troll (5 damage)
             ... on level 9 of the Dungeon.
             The game lasted 00:38:21 (13449 turns).

thiole the Covert (Octopode Hedge Wizard)          Turns: 13449, Time: 00:38:22

Health: 0/120      AC: 25    Str: 12    XL:     11   Next: 34%
Magic:  0/22       EV:  2    Int: 20    God:    Gozag
Gold:   752        SH:  4    Dex: 11    Spells: 17/25 levels left

rFire    + . .     SeeInvis .   k - +3 club (spect)
rCold    . . .     Faith    .   r - +0 buckler
rNeg     + + +     Spirit   +   (helmet currently unavailable)
rPois    +         Reflect  .   C - amulet of guardian spirit
rElec    .         Harm     .   j - ring of protection from fire
rCorr    +         Rampage  .   s - ring of resist corrosion
Will     .....     NoTele   +   y - ring of stealth
Stlth    +++++.....             (no ring)
HPRegen  0.30/turn              (no ring)
MPRegen  0.18/turn              (no ring)
                                (no ring)
                                (no ring)

@: tree-form, gold aura
A: almost no armour, stealthy swim, (amphibious), 8 rings, (constrict 8), strong
1, evolution 1, MP-powered wands
a: Renounce Religion, Potion Petition, Call Merchant, Bribe Branch


You were on level 9 of the Dungeon.
You worshipped Gozag.
Gozag was pleased with you.
You were a tree.
You visited 2 branches of the dungeon, and saw 10 of its levels.
You also visited: Sewer.

You collected 868 gold pieces.
You paid 116 gold pieces to Gozag.

Inventory:

Hand Weapons
 a - a +0 dagger
 k - a +3 spectral club (weapon)
 x - a +2 quarterstaff of chaos
 z - a +0 trident of distortion
Armour
 b - a +0 hat (melded)
 r - a +0 buckler (worn)
Jewellery
 j - a ring of protection from fire (left branch)
 s - a ring of resist corrosion (right branch)
 y - a ring of stealth (on tentacle)
 C - an amulet of guardian spirit (around neck)
Wands
 d - a wand of random effects (25)
Scrolls
 c - 6 scrolls of teleportation
 e - 3 scrolls of fog {unknown}
 f - a scroll of immolation {unknown}
 i - 5 scrolls of fear {unknown}
 m - a scroll of amnesia {unknown}
 o - a scroll of blinking {unknown}
 v - 3 scrolls of remove curse {unknown}
 A - 2 scrolls of magic mapping {unknown}
 B - a scroll of enchant weapon {unknown}
 D - a scroll of identify
Potions
 g - a potion of flight
 h - a potion of mutation
 n - a potion of magic
 p - a potion of attraction
 t - a potion of brilliance
 w - a potion of lignification


   Skills:
 + Level 9.3 Fighting
 - Level 7.2 Dodging
 - Level 10.0 Stealth
 - Level 4.0 Shields
 + Level 7.8 Spellcasting
 - Level 4.0 Conjurations
 - Level 2.0 Summonings
 - Level 1.0 Translocations
 - Level 5.0 Air Magic
 - Level 3.0 Evocations


You had 17 spell levels left.
You knew the following spells:

 Your Spells              Type           Power        Failure   Level
a - Magic Dart            Conj           92%          1%          1
b - Call Imp              Summ           15%          6%          2
c - Blink                 Tloc           N/A          9%          2
d - Mephitic Cloud        Conj/Pois/Air  19%          8%          3

Your spell library contained the following spells:

 Spells                   Type           Power        Failure   Level
 Conjure Flame            Conj/Fire      15%          12%         3
 Slow                     Hex            7%           13%         2


Dungeon Overview and Level Annotations

Branches:
Dungeon (9/15)             Temple (1/1) D:6           Sewer (visited)
   Lair: D:8-11         Orc: D:9-12

Altars:
Ashenzari
Cheibriados
Dithmenos
Elyvilon
Fedhas
Gozag
Hepliaklqana
Makhleb
Nemelex Xobeh
Okawaru
Qazlal
Ru
Uskayaw
Xom
Zin

Shops:
D:4 =


Innate Abilities, Weirdness & Mutations

You cannot wear most types of armour.
You are very stealthy in the water. (Stealth+)
((You are amphibious.))
You can wear up to eight rings at the same time.
((You can use your tentacles to constrict eight enemies at once.))
((Your skin changes colour to match your surroundings (Stealth+).))
((Your rubbery body absorbs attacks. (AC +1, EV +1)))
((You have a pair of antennae on your head.))
((You are partially covered in slimy green scales. (AC +2)))
((You are partially covered in yellow scales. (AC +2)))
Your muscles are strong. (Str +2)
You evolve.
You expend magic power (3 MP) to strengthen your wands.


Message History

The troll is severely wounded.
The troll bites you but does no damage. The troll claws you but does no damage.
The troll claws you.
* * * LOW HITPOINT WARNING * * *
You hit the troll.
The troll is almost dead.
The troll bites you but does no damage. The troll completely misses you.
The troll claws you!
* * * LOW HITPOINT WARNING * * *
The troll becomes distracted by the nearby gold, dreaming of imaginary riches.
The troll shouts!
You hit the troll.
The troll is no longer distracted by gold.
The troll is almost dead.
The troll bites you but does no damage.
The troll claws you but does no damage. x2
You hit the troll.
The troll is almost dead.
The troll bites you but does no damage. The troll claws you!
You die...
Your body crumbles into a pile of gold.

# .# # #.##.#
####.##.# #.##.#
........# #.##.#
##Y..#### #.##.#
##{########
#######.##.#
....{.(....
...........#
##.########
######.#### .....#
##########.#
.....######.)$YT♣(...#
.......)).$)##########
.....######## .....#
######


You could see a yak, a troll and a friendly +3 spectral club (summoned).

Vanquished Creatures
  Erica (D:8)
  Pikel (D:8)
  Sigmund (D:2)
  A wyvern (D:9)
  2 yaks (D:9)
  A black bear (D:9)
  A phantom (D:4)
  2 ice beasts
  An orc warrior (D:9)
  An ogre (D:6)
  2 centaurs
  3 bullfrogs (D:6)
  A wyvern zombie (D:6)
  9 wights
  A bullfrog zombie (D:9)
  3 hounds
  A jelly (D:6)
  An orc priest (D:9)
  An orc wizard (D:3)
  Crazy Yiuf (D:5)
  A bullfrog skeleton (D:8)
  4 centaur skeletons
  Jessica (D:2)
  An iguana (D:6)
  9 worker ants
  A worker ant zombie (D:6)
  Robin (D:2)
  4 gnolls
  4 adders
  2 river rats (Sewer)
  2 shadow imps
  2 white imps
  An ufetubus (D:7)
  2 oozes
  An adder zombie (D:9)
  2 worms
  2 dart slugs
  4 leopard geckos
  13 orcs
  8 giant cockroaches
  12 goblins
  2 hobgoblins
  7 jackals
  5 kobolds (D:1)
  3 quokkas
  5 bats
  2 frilled lizards
  A leopard gecko skeleton (D:5)
  3 rats
140 creatures vanquished.

Vanquished Creatures (collateral kills)
  Psyche (D:8)
  Prince Ribbit (D:9)
  A sky beast (D:9)
  A black bear (D:6)
  An ogre (D:4)
  A lemure (D:8)
  A big kobold (Sewer)
  4 wights (D:8)
  A howler monkey (D:5)
  2 jellies
  2 orc priests
  An iguana (D:5)
  4 gnolls
  An ufetubus (D:9)
  7 orcs
  A hobgoblin (D:3)
  A jackal (D:8)
  2 frilled lizards
  3 kobolds (Sewer)
  A rat (Sewer)
37 creatures vanquished.

Vanquished Creatures (others)
  13 plants (D:9)
13 creatures vanquished.

Grand Total: 190 creatures vanquished

Notes
Turn   | Place    | Note
-------+----------+-------------------------------------------
     0 | D:1      | thiole the Octopode Hedge Wizard began the quest for the
                  | Orb.
     0 | D:1      | Reached XP level 1. HP: 11/11 MP: 4/4
   638 | D:1      | Reached XP level 2. HP: 17/17 MP: 1/6
   708 | D:1      | Reached skill level 3 in Stealth
  1477 | D:2      | Reached XP level 3. HP: 21/21 MP: 1/7
  1763 | D:2      | Noticed Robin
  1991 | D:2      | Noticed Sigmund
  2004 | D:2      | Killed Sigmund
  2005 | D:2      | Reached skill level 4 in Stealth
  2005 | D:2      | Reached XP level 4. HP: 19/27 MP: 7/9
  2005 | D:2      | Reached XP level 5. HP: 22/31 MP: 7/10
  2015 | D:2      | Learned a level 2 spell: Call Imp
  2018 | D:2      | Learned a level 2 spell: Blink
  2022 | D:2      | Learned a level 3 spell: Mephitic Cloud
  2151 | D:2      | Noticed Jessica
  2156 | D:2      | Killed Jessica
  2173 | D:2      | Killed Robin
  2174 | D:2      | Reached XP level 6. HP: 30/36 MP: 1/12
  2750 | D:2      | Reached skill level 1 in Air Magic
  3144 | D:3      | Reached skill level 1 in Evocations
  3962 | D:4      | Found a glowing drain.
  3967 | Sewer    | Entered a sewer
  3996 | Sewer    | Gained mutation: You have a pair of small antennae on your
                  | head. [potion of mutation]
  3996 | Sewer    | Gained mutation: You evolve. [potion of mutation]
  3996 | Sewer    | Gained mutation: You have a pair of antennae on your head.
                  | [potion of mutation]
  3996 | Sewer    | Gained mutation: You are partially covered in slimy green
                  | scales. (AC +2) [potion of mutation]
  4187 | Sewer    | Reached skill level 5 in Stealth
  4187 | Sewer    | Reached XP level 7. HP: 37/41 MP: 2/13
  4204 | Sewer    | Found a white marble altar of Elyvilon.
  4474 | D:4      | Found a blossoming altar of Fedhas.
  4988 | D:4      | Found Menop's Jewellery Shoppe.
  5196 | D:5      | Entered Level 5 of the Dungeon
  5424 | D:5      | Reached skill level 1 in Shields
  5562 | D:5      | Found a runed translucent door.
  5563 | D:5      | Noticed Crazy Yiuf
  5592 | D:5      | Killed Crazy Yiuf
  5700 | D:5      | Reached XP level 8. HP: 28/46 MP: 10/14
  6296 | D:5      | Reached skill level 6 in Stealth
  7400 | D:6      | Gained mutation: You expend magic power (3 MP) to
                  | strengthen your wands. [evolution]
  8054 | D:6      | Found a staircase to the Ecumenical Temple.
  8061 | Temple   | Entered the Ecumenical Temple
  8414 | Temple   | Became a worshipper of Gozag Ym Sagoz the Greedy
  8509 | D:6      | Reached skill level 5 in Spellcasting
  9080 | D:6      | Reached skill level 5 in Air Magic
  9273 | D:6      | Found a shadowy altar of Dithmenos.
  9630 | D:7      | Reached skill level 7 in Stealth
  9914 | D:7      | Reached skill level 1 in Fighting
  9921 | D:7      | Found a sacrificial altar of Ru.
  9927 | D:7      | Gained mutation: Your muscles are strong. (Str +2)
                  | [evolution]
  9929 | D:7      | Reached XP level 9. HP: 50/52 MP: 9/17
 10308 | D:7      | Found a stormy altar of Qazlal.
 10343 | D:7      | Found a sparkling altar of Nemelex Xobeh.
 10418 | D:8      | Found a glowing silver altar of Zin.
 10418 | D:8      | Found a hide-covered altar of Uskayaw.
 10928 | D:8      | Noticed Pikel
 10981 | D:8      | Killed Pikel
 10982 | D:8      | Reached skill level 8 in Stealth
 11101 | D:8      | Found an iron altar of Okawaru.
 11106 | D:8      | Noticed Erica
 11135 | D:8      | Killed Erica
 11136 | D:8      | Reached skill level 9 in Stealth
 11162 | D:8      | Gained mutation: You are partially covered in yellow
                  | scales. (AC +2) [evolution]
 11400 | D:8      | Noticed Psyche
 11411 | D:8      | Killed Psyche
 11925 | D:9      | HP: 4/88 [worker ant (2)]
 11928 | D:9      | Reached skill level 10 in Stealth
 11928 | D:9      | Reached XP level 10. HP: 6/65 MP: 16/20
 11930 | D:9      | HP: 2/97 [worker ant (4)]
 12403 | D:9      | Noticed Prince Ribbit
 12555 | D:9      | Killed Prince Ribbit
 12556 | D:9      | Reached skill level 5 in Fighting
 13439 | D:9      | Reached XP level 11. HP: 34/80 MP: 1/22
 13447 | D:9      | HP: 4/120 [troll (4)]
 13449 | D:9      | Slain by a troll

Illustrated notes

Levels and vault maps discovered:
D:1:      dpeg_arrival_chambers_temple_mockup, layout_basic
D:2:      layout_loops_corners, uniq_jessica, uniq_robin, uniq_sigmund
D:3:      layout_basic, guppyfry_early_orc_mine
D:4:      layout_loops_ring, general_overflow_altar, portal_sewer_entry_e,
          serial_shops, shop, kennysheep_generic_room_7
D:5:      layout_basic, uniq_crazy_yiuf_cottage
D:6:      layout_loops_corners, kennysheep_little_box,
          minmay_temple_entry_statues_fountains
D:7:      layout_layer_cave, lemuel_coloured_pillars_altar,
          overflow_temple_1_default, nicolae_ru_sacrificial_ziggurat,
          serial_glass, glass_columns_a, glass_columns_a
D:8:      layout_loops_ring, grunt_temple_overflow_open, basic_altar,
          uniq_erica, uniq_psyche, uniq_pikel
D:9:      layout_loops_ring, nzn_overflow_gifts_of_might_and_magic,
          serial_bayou_crossing, uniq_prince_ribbit1
Temple:   nicolae_temple_figure_eight

Skill      XL: |  1  2  3  4  5  6  7  8  9 10 |
---------------+-------------------------------+-----
Stealth        | 3 4 5 7 10 | 10.0
Conjurations   | 3 4 |  4.0
Summonings     | 2 |  2.0
Spellcasting   | 4 5 7 |  7.8
Air Magic      | 2 3 5 |  5.0
Evocations     | 2 3 |  3.0
Shields        | 1 4 |  4.0
Fighting       | 1 4 9 |  9.3
Dodging        | 7 |  7.2
Translocations | |  1.0

Action                   |  1- 3 |  4- 6 |  7- 9 | 10-12 || total
-------------------------+-------+-------+-------+-------++-------
Melee: Dagger            |    25 |     6 |       |       ||    31
       Constrict         |     5 |    13 |    35 |     7 ||    60
       Tentacles         |     4 |     9 |    33 |     6 ||    52
       Club              |       |    43 |   194 |    57 ||   294
 Cast: Magic Dart        |    55 |    68 |    87 |    13 ||   223
       Call Imp          |       |    17 |    92 |    28 ||   137
       Mephitic Cloud    |       |       |       |     4 ||     4
Evoke: Wand              |       |       |     3 |    17 ||    20
  Use: Potion            |       |     4 |     5 |     4 ||    13
       Scroll            |       |     3 |     3 |     5 ||    11
 Stab: Sleeping          |     1 |       |    10 |     2 ||    13
       Distracted        |       |       |     1 |     1 ||     2
Armor: Skin              |       |     5 |    21 |    36 ||    62
Dodge: Dodged            |    14 |    38 |   132 |    43 ||   227
Block: Buckler           |       |       |    20 |    21 ||    41
